 Dungeon Crawl Stone Soup version 0.16.1-29-g3e760ad (webtiles) character file.

109 sscrono2 the Sneak (level 4, -2/29 HPs)
             Began as an Octopode Assassin on June 6, 2015.
             Slain by an orc wizard
             ... wielding a +0 dagger
              (5 damage)
             ... on level 3 of the Dungeon.
             The game lasted 00:10:05 (1589 turns).

sscrono2 the Sneak (Octopode Assassin)              Turns: 1589, Time: 00:10:05

Health: -2/29      AC:  1    Str: 10    XL:     4   Next: 89%
Magic:  4/4        EV: 12    Int: 13    God:
Gold:   129        SH:  0    Dex: 14    Spells: 0 memorised, 3 levels left

rFire  . . .     SeeInvis .     a - +2 dagger
rCold  . . .     Clarity  .     (no shield)
rNeg   . . .     SustAb   .     (helmet restricted)
rPois  .         Gourm    .     (no amulet)
rElec  .         Spirit   .     (no ring)
rCorr  .         Warding  .     (no ring)
rMut   .         Stasis   .     (no ring)
MR     .....                    (no ring)
Stlth  +++++.....               (no ring)
                                (no ring)
                                (no ring)
                                (no ring)

@: not resistant to hostile enchantments, quite stealthy
A: almost no armour, amphibious, 8 rings, constrict 8, camouflage 1, gelatinous
body 1
a: no special abilities


You were on level 3 of the Dungeon.
You were not hungry.

You visited 1 branch of the dungeon, and saw 3 of its levels.

You collected 129 gold pieces.

Inventory:

Hand weapons
 a - a +2 dagger (weapon)
 b - a +0 blowgun
Missiles
 e - 3 poisoned needles
Jewellery
 p - an uncursed ring of sustain abilities {unknown}
Magical devices
 f - a wand of slowing (26)
Scrolls
 c - a scroll of remove curse
 d - a scroll of random uselessness {unknown}
 h - a scroll of blinking {unknown}
 i - 2 scrolls of identify {unknown}
 k - a scroll of teleportation {unknown}
 l - a scroll of recharging {unknown}
 r - a scroll of fog {unknown}
Potions
 j - 2 potions of flight {unknown}
 m - a potion of ambrosia {unknown}
 n - 2 potions of might {unknown}
 q - 2 potions of curing {unknown}
Comestibles
 g - 3 bread rations


   Skills:
 + Level 2.2 Fighting
 + Level 2.2 Short Blades
 + Level 2.3 Throwing
 + Level 2.1 Dodging
 + Level 7.3 Stealth


You had 3 spell levels left.
You didn't know any spells.

Dungeon Overview and Level Annotations

Branches:
Dungeon (3/15)

Altars:
Ashenzari
The Shining One


Innate Abilities, Weirdness & Mutations

You cannot wear most types of armour.
You are amphibious.
You can wear up to eight rings at the same time.
You can use your tentacles to constrict many enemies at once.
Your skin changes colour to match your surroundings (Stealth).
Your rubbery body absorbs attacks (AC +1).


Message History

Something hits you. Something hits you.
Things that are here:
a flail; an orc corpse You hit something but do no damage.
Something hits you but does no damage.
You hit something. Your squeeze misses something.
You hear some strange, mumbled words.
You are confused.
Something hits you.
You hear some strange, mumbled words.
The magic dart hits you!
* * * LOW HITPOINT WARNING * * *
You completely miss something. Something hits you.
* * * LOW HITPOINT WARNING * * *
You hear some strange, mumbled words.
Something tries to affect you, but you resist.
You miss something. You squeeze something.
You feel less confused. Something hits you.
You die...

#....#.##..#.......##.##
#.................(...#
#...................####
........................
#..................#####
...........[..)..#.#
#................#...
#..............####..!.
#.....@.#.(...........
##............#####..
#...(.).......... .
###....##########
#...### ####


There were no monsters in sight!

Vanquished Creatures
  Terence (D:3)
  3 adders (D:2)
  2 worms
  3 oozes
  3 orcs (D:3)
  6 bats
  4 giant cockroaches
  8 hobgoblins
  3 jackals (D:1)
  A quokka (D:3)
  A ball python (D:2)
  5 giant newts
  4 goblins (D:1)
  7 rats
51 creatures vanquished.

Notes
Turn   | Place    | Note
--------------------------------------------------------------
     0 | D:1      | sscrono2, the Octopode Assassin, began the quest for the Orb.
     0 | D:1      | Reached XP level 1. HP: 14/14 MP: 1/1
   163 | D:1      | Reached XP level 2. HP: 16/19 MP: 2/2
   443 | D:1      | Reached skill level 6 in Stealth
   488 | D:1      | Reached XP level 3. HP: 12/24 MP: 3/3
   912 | D:2      | Reached XP level 4. HP: 21/29 MP: 4/4
   922 | D:2      | Found a shattered altar of Ashenzari.
   947 | D:2      | Reached skill level 7 in Stealth
   973 | D:2      | Found a glowing golden altar of the Shining One.
  1416 | D:3      | Noticed Terence
  1424 | D:3      | Killed Terence
  1589 | D:3      | Slain by an orc wizard

Action                   |  1- 3 |  4- 6 || total
-------------------------+-------+-------++-------
Melee: Dagger            |    59 |    33 ||    92
       Blowgun           |       |     1 ||     1
 Fire: Blowgun           |    12 |     9 ||    21
  Use: Scroll            |       |     1 ||     1
 Stab: Sleeping          |    15 |     3 ||    18
  Eat: Royal jelly       |       |     1 ||     1
